 Dungeon Crawl Stone Soup version 0.28.0-53-g5a82cb258f (webtiles) character file.

Game seed: 6349426108275316275

297 DocClef the Magician (level 6, -4/44 HPs)
             Began as a Gnoll Hedge Wizard on July 16, 2022.
             Slain by Prince Ribbit (12 damage)
             ... on level 5 of the Dungeon.
             The game lasted 00:04:33 (3844 turns).

DocClef the Magician (Gnoll Hedge Wizard)           Turns: 3844, Time: 00:04:34

Health: -4/44      AC:  3    Str: 15    XL:     6   Next: 35%
Magic:  10/16      EV: 13    Int: 16    God:
Gold:   183        SH:  0    Dex: 11    Spells: 12/19 levels left

rFire   . . .      SeeInvis .   k - +2 long sword (vamp)
rCold   . . .      Faith    .   (no shield)
rNeg    . . .      Spirit   .   b - +0 robe
rPois   .          Reflect  .   c - +0 hat
rElec   .          Harm     .   (no cloak)
rCorr   .          Rampage  .   (no gloves)
Will    .....                   m - +0 pair of boots
Stlth   +++.......              (no amulet)
HPRegen 0.14/turn               n - +6 ring of strength
MPRegen 0.15/turn               (no ring)

@: no status effects
A: fangs 1, strong nose, distributed training
a: no special abilities


You were on level 5 of the Dungeon.
You visited 1 branch of the dungeon, and saw 5 of its levels.

You collected 183 gold pieces.

Inventory:

Hand Weapons
 k - a +2 vampiric long sword (weapon)
 p - a +1 long sword of holy wrath
Missiles
 r - 3 javelins
Armour
 b - a +0 robe (worn)
 c - a +0 hat (worn)
 m - a +0 pair of boots (worn)
Jewellery
 d - a ring of fire
 n - a +6 ring of strength (left hand)
Wands
 a - a wand of acid (12)
Scrolls
 i - a scroll of amnesia {unknown}
 j - a scroll of noise {unknown}
 l - a scroll of magic mapping {unknown}
 o - a scroll of enchant armour {unknown}
 q - a scroll of torment {unknown}
 s - a scroll of teleportation {unknown}
Potions
 e - 2 potions of curing {unknown}
 f - a potion of resistance {unknown}
 g - a potion of mutation {unknown}
 h - a potion of heal wounds {unknown}


   Skills:
 + Level 1.9 Fighting
 + Level 1.9 Short Blades
 + Level 1.9 Long Blades
 + Level 1.9 Axes
 + Level 1.9 Maces & Flails
 + Level 1.9 Polearms
 + Level 1.9 Staves
 + Level 1.9 Slings
 + Level 1.9 Bows
 + Level 1.9 Crossbows
 + Level 1.9 Throwing
 + Level 1.9 Armour
 + Level 5.0 Dodging
 + Level 4.6 Stealth
 + Level 1.9 Shields
 + Level 1.9 Unarmed Combat
 + Level 7.4 Spellcasting
 + Level 2.6 Conjurations
 + Level 1.5 Hexes
 + Level 2.6 Summonings
 + Level 1.5 Necromancy
 + Level 2.6 Translocations
 + Level 1.5 Transmutations
 + Level 1.5 Fire Magic
 + Level 1.5 Ice Magic
 + Level 1.5 Air Magic
 + Level 1.5 Earth Magic
 + Level 1.5 Poison Magic
 + Level 2.1 Invocations
 + Level 1.9 Evocations


You had 12 spell levels left.
You knew the following spells:

 Your Spells              Type           Power      Damage    Failure   Level
a - Magic Dart            Conj           56%        1d5       4%          1
b - Summon Small Mammal   Summ           56%        N/A       4%          1
c - Blink                 Tloc           28%        N/A       6%          2
d - Call Imp              Summ           14%        N/A       6%          2
e - Slow                  Hex            40%        N/A       6%          1

Your spell library contained the following spells:

 Spells                   Type           Power      Damage    Failure   Level
 Apportation              Tloc           28%        N/A       4%          1
 Animate Skeleton         Necr           20%        N/A       6%          1
 Conjure Flame            Conj/Fire      12%        6-21      16%         3
 Mephitic Cloud           Conj/Pois/Air  12%        N/A       16%         3
 Stone Arrow              Conj/Erth      24%        3d8       16%         3
 Animate Armour           Summ/Erth      24%        N/A       45%         4
 Lehudib's Crystal Spear  Conj/Erth      6%         10d3      100%        8


Dungeon Overview and Level Annotations

Branches:
Dungeon (5/15)
 Temple: D:4-7

Altars:
Uskayaw
Vehumet

Annotations:
D:5 Prince Ribbit


Innate Abilities, Weirdness & Mutations

You have very sharp teeth.
Your uncanny sense of smell can sniff out nearby items.
Your experience applies equally to all skills.


Message History

Prince Ribbit blinks!
Casting: Call Imp (safe; 6% risk of failure)
Confirm with . or Enter, or press ? or * to list all spells.
Casting: Summon Small Mammal (safe; 4% risk of failure)
Confirm with . or Enter, or press ? or * to list all spells.
Your quokka bites Prince Ribbit.
The magic dart hits Prince Ribbit.
Prince Ribbit is moderately wounded.
Prince Ribbit hits you.
Your white imp gestures at Prince Ribbit.
The puff of frost hits Prince Ribbit.
You miss Prince Ribbit. Your bite misses Prince Ribbit.
Prince Ribbit is moderately wounded.
You hear the slow hiss of a distant avalanche of sand.
Prince Ribbit hits you!
Your quokka bites Prince Ribbit.
Your white imp completely misses Prince Ribbit.
Prince Ribbit hits you.
You barely miss Prince Ribbit.
Prince Ribbit is heavily wounded.
Your quokka closely misses Prince Ribbit.
Your quokka bites Prince Ribbit.
Prince Ribbit hits you.
Your white imp gestures at Prince Ribbit.
The puff of frost hits Prince Ribbit!
Your quokka closely misses Prince Ribbit.
Your quokka barely misses Prince Ribbit.
You slash Prince Ribbit!
You feel better.
Your bite misses Prince Ribbit.
Prince Ribbit is almost dead.
Prince Ribbit hits you!
Your quokka closely misses Prince Ribbit.
Your white imp closely misses Prince Ribbit.
Your quokka closely misses Prince Ribbit.
Prince Ribbit misses you.
Your quokka closely misses Prince Ribbit.
You closely miss Prince Ribbit.
Prince Ribbit is almost dead.
Prince Ribbit hits you!
* * * LOW HITPOINT WARNING * * *
Your quokka misses Prince Ribbit.
Your white imp misses Prince Ribbit.
Prince Ribbit hits you!
You die...

... ########.
..##........#
#............
#............
..###.<..........
#.................
#......#..........
########..5r......
#..@F......
##.r.......
##........
##....... ##.....
###.. .


You could see Prince Ribbit (ally target), a friendly white imp (summoned) and 2
friendly quokkas.

Vanquished Creatures
  A phantom (D:3)
  2 iguanas
  A gnoll (D:3)
  7 adders
  An ufetubus (D:4)
  A worm (D:2)
  3 dart slugs (D:1)
  9 orcs
  7 bats
  6 endoplasms
  2 giant cockroaches (D:1)
  5 goblins
  6 hobgoblins
  5 jackals (D:2)
  2 quokkas
  6 ball pythons
  4 frilled lizards
  4 kobolds
  8 rats
80 creatures vanquished.

Notes
Turn   | Place    | Note
-------+----------+-------------------------------------------
     0 | D:1      | DocClef the Gnoll Hedge Wizard began the quest for the Orb.
     0 | D:1      | Reached XP level 1. HP: 13/13 MP: 8/8
   195 | D:1      | Reached XP level 2. HP: 19/19 MP: 7/10
   370 | D:1      | Found a faded altar of an unknown god.
   770 | D:1      | Reached XP level 3. HP: 25/25 MP: 6/11
  1113 | D:2      | Reached skill level 1 in Invocations
  1426 | D:2      | Reached skill level 1 in Fighting
  1426 | D:2      | Reached skill level 1 in Short Blades
  1426 | D:2      | Reached skill level 1 in Long Blades
  1426 | D:2      | Reached skill level 1 in Axes
  1426 | D:2      | Reached skill level 1 in Maces & Flails
  1426 | D:2      | Reached skill level 1 in Polearms
  1426 | D:2      | Reached skill level 1 in Staves
  1426 | D:2      | Reached skill level 1 in Slings
  1426 | D:2      | Reached skill level 1 in Bows
  1426 | D:2      | Reached skill level 1 in Crossbows
  1426 | D:2      | Reached skill level 1 in Throwing
  1426 | D:2      | Reached skill level 1 in Armour
  1426 | D:2      | Reached skill level 1 in Shields
  1426 | D:2      | Reached skill level 1 in Unarmed Combat
  1426 | D:2      | Reached skill level 1 in Evocations
  1583 | D:2      | Reached XP level 4. HP: 32/32 MP: 8/13
  1845 | D:2      | Reached skill level 1 in Hexes
  1845 | D:2      | Reached skill level 1 in Necromancy
  1845 | D:2      | Reached skill level 1 in Transmutations
  1845 | D:2      | Reached skill level 1 in Fire Magic
  1845 | D:2      | Reached skill level 1 in Ice Magic
  1845 | D:2      | Reached skill level 1 in Air Magic
  1845 | D:2      | Reached skill level 1 in Earth Magic
  1845 | D:2      | Reached skill level 1 in Poison Magic
  2263 | D:3      | Reached XP level 5. HP: 37/37 MP: 8/14
  2351 | D:3      | Learned a level 1 spell: Summon Small Mammal
  2354 | D:3      | Learned a level 2 spell: Blink
  2357 | D:3      | Learned a level 2 spell: Call Imp
  2359 | D:3      | Learned a level 1 spell: Slow
  2512 | D:3      | Noticed a phantom
  2637 | D:3      | Killed a phantom
  2813 | D:3      | Found a radiant altar of Vehumet.
  2864 | D:3      | Reached XP level 6. HP: 44/44 MP: 11/16
  2896 | D:3      | Found a hide-covered altar of Uskayaw.
  3632 | D:4      | Reached skill level 5 in Dodging
  3740 | D:5      | Entered Level 5 of the Dungeon
  3834 | D:5      | Noticed Prince Ribbit
  3844 | D:5      | Slain by Prince Ribbit

Illustrated notes

Levels and vault maps discovered:
D:1:      lightli_arrival_windingriver, layout_basic,
          ebering_ecumenical_altar_hall, minmay_misc_feat_hallway, minivault_4,
          minmay_hexomino_u4
D:2:      layout_rooms, minmay_vboxes
D:3:      layout_basic, general_overflow_altar, lemuel_round_altar
D:4:      layout_loops_corners, kennysheep_generic_room_15
D:5:      layout_cave_pods, bloody_trog, enter_ossuary_2, serial_shops,
          kennysheep_mini_moat, uniq_pikel, uniq_ijyb, uniq_prince_ribbit1

Skill      XL: |  1  2  3  4  5  6 |
---------------+-------------------+-----
Conjurations   | 2 |  2.6
Summonings     | 2 |  2.6
Translocations | 2 |  2.6
Invocations    | 1 2 |  2.1
Fighting       | 1 |  1.9
Short Blades   | 1 |  1.9
Long Blades    | 1 |  1.9
Axes           | 1 |  1.9
Maces & Flails | 1 |  1.9
Polearms       | 1 |  1.9
Staves         | 1 |  1.9
Slings         | 1 |  1.9
Bows           | 1 |  1.9
Crossbows      | 1 |  1.9
Throwing       | 1 |  1.9
Armour         | 1 |  1.9
Shields        | 1 |  1.9
Unarmed Combat | 1 |  1.9
Evocations     | 1 |  1.9
Hexes          | 1 |  1.5
Necromancy     | 1 |  1.5
Transmutations | 1 |  1.5
Fire Magic     | 1 |  1.5
Ice Magic      | 1 |  1.5
Air Magic      | 1 |  1.5
Earth Magic    | 1 |  1.5
Poison Magic   | 1 |  1.5
Dodging        | 5 |  5.0
Stealth        | |  4.6
Spellcasting   | |  7.4

Action                   |  1- 3 |  4- 6 || total
-------------------------+-------+-------++-------
Melee: Dagger            |     3 |       ||     3
       Long sword        |    18 |    58 ||    76
       Punch             |       |     2 ||     2
       Bite              |       |     1 ||     1
 Cast: Magic Dart        |    94 |   100 ||   194
       Slow              |       |     2 ||     2
       Call Imp          |       |     2 ||     2
       Summon Small Mamm |       |     2 ||     2
 Stab: Sleeping          |       |     1 ||     1
Armor: Robe              |    10 |    19 ||    29
Dodge: Dodged            |    30 |    55 ||    85
